 Dungeon Crawl Stone Soup version 0.30-b1-2-g02819fbbbe (webtiles) character file.

Game seed: 15769241168345674543

1579073 NoMoreGames the Conqueror (level 26, 153/242 HPs)
             Began as a Merfolk Fighter on Aug 20, 2023.
             Was the Champion of Nemelex Xobeh.
             Escaped with the Orb
             ... and 3 runes!
             The game lasted 02:26:55 (74562 turns).

NoMoreGames the Conqueror (Merfolk Fighter)        Turns: 74562, Time: 02:26:55

Health: 153/242    AC: 30    Str: 25    XL:     26   Next: 76%
Magic:  40/40      EV: 33    Int: 14    God:    Nemelex Xobeh [******]
Gold:   485        SH: 28    Dex: 24    Spells: 37/39 levels left

rFire   + . .        E - +9 demon trident (flame)
rCold   . . .        G - +2 tower shield {AC+3}
rNeg    + . .        s - quicksilver dragon scales
rPois   +            h - +2 helmet
rElec   +            v - +2 cloak {rPois}
rCorr   .            e - +2 pair of gloves {Str+3}
SInv    .            V - +2 pair of boots {Stlth+}
Will    +++++        T - amulet "Riadoh" {Reflect Will++ Str+3 SH+5 Stlth+}
Stlth   ++           c - ring "Jomaburph" {rC+ rN+ Int+3 Dex+3}
HPRegen 0.60/turn    f - ring "Kuigoj" {Fire rElec Will+}
MPRegen 0.27/turn

%: reflection
@: studying Unarmed Combat
A: (nimble swimmer 2), mertail, clever 1, screaming 1
0: Orb of Zot
}: 3/15 runes: decaying, serpentine, silver
a: Renounce Religion, Draw Escape, Draw Destruction, Draw Summoning, Triple
Draw, Deal Four, Stack Five


You escaped.
You worshipped Nemelex Xobeh.
Nemelex Xobeh was exalted by your worship.
You visited 10 branches of the dungeon, and saw 48 of its levels.
You also visited: Trove, Sewer, Ossuary, Ice Cave and Volcano.

You collected 7426 gold pieces.
You spent 6941 gold pieces at shops.

Inventory:

Hand Weapons
 E - a +9 demon trident of flaming (weapon)
Missiles
 u - 4 throwing nets (quivered)
Armour
 e - a +2 pair of gloves of strength (worn)
 h - a +2 helmet (worn)
 s - quicksilver dragon scales (worn)
 v - a +2 cloak of poison resistance (worn)
 G - a +2 tower shield of protection (worn)
 V - a +2 pair of boots of stealth (worn)
Jewellery
 c - the ring "Jomaburph" (left hand) {rC+ rN+ Int+3 Dex+3}
   (You found it in a treasure trove)

   [ring of positive energy]

   Int:       It affects your intelligence (+3).
   Dex:       It affects your dexterity (+3).
   rC:        It protects you from cold.
   rN:        It protects you from negative energy.
 f - the ring "Kuigoj" (right hand) {Fire rElec Will+}
   (You bought it in a shop on level 2 of the Orcish Mines)

   [ring of fire]

   It enhances your fire magic.
   rF:        It protects you from fire.
   rC:        It makes you vulnerable to cold.
   rElec:     It insulates you from electricity.
   Will:      It increases your willpower.
 j - the ring of Mirth {rPois rC+ rCorr}
   (You found it in a treasure trove)

   [ring of protection from cold]

   rC:        It protects you from cold.
   rPois:     It protects you from poison.
   rCorr:     It protects you from acid and corrosion.
 T - the amulet "Riadoh" (around neck) {Reflect Will++ Str+3 SH+5 Stlth+}
   (You bought it in a shop on level 2 of the Orcish Mines)

   [amulet of reflection]

   It reflects blocked missile attacks.
   Str:       It affects your strength (+3).
   SH:        It affects your SH (+5).
   Will:      It greatly increases your willpower.
   Stlth:     It makes you more stealthy.
Wands
 d - a wand of flame (53)
 B - a wand of mindburst (45)
 C - a wand of iceblast (33)
 F - a wand of quicksilver (17)
 I - a wand of paralysis (45)
 X - a wand of digging (15)
Scrolls
 g - 15 scrolls of teleportation
 n - 7 scrolls of fear
 q - 6 scrolls of poison
 x - 30 scrolls of identify
 y - 3 scrolls of silence
 H - a scroll of brand weapon
 J - 7 scrolls of immolation
 N - 2 scrolls of enchant weapon
 Q - 9 scrolls of magic mapping
 S - a scroll of butterflies
 W - 4 scrolls of fog
Potions
 a - 7 potions of might
 b - 6 potions of lignification
 i - 10 potions of mutation
 l - 25 potions of curing
 m - 4 potions of haste
 o - 9 potions of magic
 r - 7 potions of cancellation
 t - 3 potions of resistance
 w - a potion of brilliance
 z - 12 potions of attraction
 L - 6 potions of berserk rage
 O - a potion of ambrosia
 U - 3 potions of invisibility
Miscellaneous
 K - a lightning rod (4/4)
 P - a tin of tremorstones (2/2)
 R - a box of beasts
 Y - a phial of floods


   Skills:
 O Level 27 Fighting
 - Level 14.0 Polearms
 - Level 6.0 Throwing
 - Level 11.0 Armour
 O Level 27 Dodging
 - Level 5.0 Stealth
 - Level 15.0 Shields
 - Level 7.0 Spellcasting
 - Level 10.0 Translocations
 + Level 26.5 Invocations
 - Level 5.0 Evocations


You had 37 spell levels left.
You knew the following spells:

 Your Spells              Type           Power      Damage    Failure   Level
a - Blink                 Tloc           64%        N/A       1%          2

Your spell library contained the following spells:

 Spells                   Type           Power      Damage    Failure   Level
 Apportation              Tloc           64%        N/A       1%          1
 Gell's Gravitas          Tloc           32%        N/A       2%          3
 Teleport Other           Tloc           32%        N/A       2%          3
 Manifold Assault         Tloc           32%        N/A       8%          4
 Passage of Golubria      Tloc           32%        N/A       8%          4
 Portal Projectile        Hex/Tloc       36%        N/A       19%         3
 Vhi's Electric Charge    Tloc/Air       36%        N/A       19%         3
 Volatile Blastmotes      Fire/Tloc      56%        2d14      19%         3
 Freeze                   Ice            16%        1d4       43%         1
 Kiss of Death            Conj/Necr      16%        2d6       43%         1
 Necrotise                Necr           16%        1d4       43%         1
 Summon Small Mammal      Summ           16%        N/A       43%         1
 Iskenderun's Mystic Bla  Conj/Tloc      18%        2d6       52%         4
 Cigotuvi's Dreadful Rot  Necr/Pois/Air  8%         N/A       56%         2
 Ensorcelled Hibernation  Hex/Ice        8%         N/A       56%         2
 Passwall                 Tmut/Erth      3%         N/A       56%         2
 Poisonous Vapours        Pois/Air       8%         N/A       56%         2
 Scorch                   Fire           14%        2d6       56%         2
 Static Discharge         Conj/Air       8%         2-3/arc   56%         2
 Dispersal                Tloc           16%        N/A       75%         6
 Call Canine Familiar     Summ           4%         N/A       80%         3
 Confusing Touch          Hex            4%         N/A       80%         3
 Dazzling Flash           Conj/Hex       8%         N/A       80%         3
 Frozen Ramparts          Ice            8%         1d2       80%         3
 Hailstorm                Conj/Ice       4%         3d4       80%         3
 Mephitic Cloud           Conj/Pois/Air  4%         N/A       80%         3
 Ozocubu's Armour         Ice            4%         N/A       80%         3
 Spider Form              Tmut/Pois      4%         N/A       80%         3
 Summon Guardian Golem    Hex/Summ       4%         N/A       80%         3
 Swiftness                Air            4%         N/A       80%         3
 Summon Forest            Summ/Tloc      9%         N/A       86%         5
 Airstrike                Air            2%         2d(1-17)  99%         4
 Anguish                  Hex/Necr       2%         N/A       99%         4
 Animate Armour           Summ/Erth      8%         N/A       99%         4
 Animate Dead             Necr           4%         N/A       99%         4
 Cause Fear               Hex            2%         N/A       99%         4
 Dispel Undead            Necr           4%         3d7       99%         4
 Flame Wave               Conj/Fire      7%         2d5       99%         4
 Fulminant Prism          Conj/Hex       2%         3d5       99%         4
 Ice Form                 Ice/Tmut       4%         N/A       99%         4
 Leda's Liquefaction      Hex/Erth       2%         N/A       99%         4
 Olgreb's Toxic Radiance  Pois           4%         N/A       99%         4
 Summon Ice Beast         Ice/Summ       4%         N/A       99%         4
 Summon Lightning Spire   Summ/Air       4%         N/A       99%         4
 Agony                    Necr           4%         N/A       100%        5
 Alistair's Intoxication  Tmut/Pois      2%         N/A       100%        5
 Arcjolt                  Conj/Air       2%         1d12      100%        5
 Blade Hands              Tmut           2%         N/A       100%        5
 Borgnjor's Vile Clutch   Necr/Erth      2%         N/A       100%        5
 Freezing Cloud           Conj/Ice/Air   2%         6-21      100%        5
 Irradiate                Conj/Tmut      2%         3d12      100%        5
 Lee's Rapid Deconstruct  Erth           2%         3d4*      100%        5
 Metabolic Englaciation   Hex/Ice        2%         N/A       100%        5
 Silence                  Hex/Air        2%         N/A       100%        5
 Death Channel            Necr           2%         N/A       100%        6
 Eringya's Noxious Bog    Tmut/Pois      2%         N/A       100%        6
 Iron Shot                Conj/Erth      2%         9d2       100%        6
 Plasma Beam              Fire/Air       3%         2x1d15    100%        6
 Simulacrum               Ice/Necr       2%         N/A       100%        6
 Statue Form              Tmut/Erth      2%         N/A       100%        6
 Summon Cactus Giant      Summ           2%         N/A       100%        6
 Dragon Form              Tmut           2%         N/A       100%        7
 Enfeeble                 Hex            2%         N/A       100%        7
 Haunt                    Necr/Summ      2%         N/A       100%        7
 Ozocubu's Refrigeration  Ice            2%         4d7       100%        7
 Storm Form               Tmut/Air       2%         N/A       100%        7
 Summon Hydra             Summ           2%         N/A       100%        7
 Borgnjor's Revivificati  Necr           2%         N/A       100%        8
 Discord                  Hex            2%         N/A       100%        8
 Ignition                 Fire           3%         3d4       100%        8
 Infestation              Necr           2%         N/A       100%        8
 Lehudib's Crystal Spear  Conj/Erth      2%         10d2      100%        8
 Necromutation            Tmut/Necr      2%         N/A       100%        8
 Death's Door             Necr           2%         N/A       100%        9
 Polar Vortex             Ice            2%         N/A       100%        9


Dungeon Overview and Level Annotations

Branches:
Dungeon (15/15)            Temple (1/1) D:6            Lair (5/5) D:10
  Swamp (4/4) Lair:2        Snake (4/4) Lair:2        Slime (0/5) Lair:5
    Orc (2/2) D:11            Elf (3/3) Orc:2        Vaults (5/5) D:13
  Crypt (0/3) Vaults:3     Depths (4/4) D:15            Zot (5/5) Depths:4
  Sewer (visited)         Ossuary (visited)           IceCv (visited)
Volcano (visited)

Altars:
Ashenzari
Cheibriados
Dithmenos
Elyvilon
Fedhas
Gozag
Hepliaklqana
Kikubaaqudgha
Makhleb
Nemelex Xobeh
Okawaru
Qazlal
Ru
Sif Muna
Trog
Uskayaw
Vehumet
Wu Jian
Xom
Yredelemnul
Zin
The Shining One
Jiyva

Shops:
D:1 *   D:11 :   D:12 (([   Orc:2 *[=(   Elf:1 =   Elf:2 (   Elf:3 (:?
Snake:1 :   Snake:2 =::   Vaults:3 (   Vaults:4 ?   Vaults:5 !![!(!!
Depths:1 [?*:

Portals:
Hell: Depths:1 Depths:2 Depths:3 Depths:4
Abyss: Depths:3 Depths:4
Pandemonium: Depths:2 Depths:4
Ziggurat: Depths:3

Annotations:
Lair:5 1 runed translucent door
Swamp:3 3 runed translucent doors, Xuisum's ghost, adept TrMo
Vaults:3 72 runed doors
Depths:3 3 runed translucent doors, Xutext's ghost, adept DsAK
Zot:1 2 runed translucent doors, 2 transporters, Icycared's ghost, master GrFi
Zot:3 3 runed translucent doors, Netemen's ghost, master GnFi


Innate Abilities, Weirdness & Mutations

((You are very nimble when in or above water. (Stealth+, EV+, Speed+++)))
Your lower body shifts to a powerful aquatic tail in water.
Your mind is acute. (Int +4, Str/Dex -1)
You occasionally shout uncontrollably at your foes.


Message History

The electrical discharge engulfs the sun demon!
The sun demon resists.
The sun demon is heavily wounded.
The electrical discharge engulfs the sun demon!
The sun demon resists.
The sun demon is severely wounded.
You hear violent peals of thunder!
You block the sun demon's attack.
Unknown command.
You draw a card...
You have drawn Vitriol.
Press: ? - help, Shift-Dir - straight line, f - sun demon
Aim: a sun demon (lightly wounded)
The bolt of acid misses the sun demon.
The bolt of acid hits the sun demon!!!
You kill the sun demon!
You block the sun demon's attack.
Unknown command.
You draw a card...
You have drawn Wild Magic.
The sun demon looks incredibly sick.
You feel a surge of magic. The sun demon barely misses you.
Unknown command.
Unknown command.
You draw a card...
You have drawn Degeneration.
The sun demon evaporates and reforms as a sixfirhy!
The sixfirhy twists and deforms.
Unknown command.
You closely miss the sixfirhy. You block the sixfirhy's attack.
You closely miss the sixfirhy. You block the sixfirhy's attack. x2
The sixfirhy barely misses you.
You miss the sixfirhy.
The sixfirhy hits you but does no damage.
You block the sixfirhy's attack. x2
You barely miss the sixfirhy. You block the sixfirhy's attack.
You puncture the sixfirhy! You burn the sixfirhy.
The sixfirhy is severely wounded.
You miss the sixfirhy.
The sixfirhy is severely wounded.
You impale the sixfirhy!! You burn the sixfirhy.
You kill the sixfirhy!
There is a staircase leading out of the dungeon here.
You have escaped!

..##.# #.# #.# #.# ...#.# #.#
#.# #.# .>...## #.# ###.# #.#
#####.## #.# #...# #.#
####...###### #.### #.#
.##.###.##..###### #.# #.#
####.###.#.#.##..#####.# #.#
..##.##....##....#...#.######.#
#....#.#.).####.@##...........#
####.#.##.#.#....##..#.########
....###.##...##..##..#.#
###################..#.#
##...## #..#.#
##.###.############..#.# ...#
#........>......#.#
#..###.................#
......########.#####.###


There were no monsters in sight!

Vanquished Creatures
  2 orbs of fire
  A dread lich (Zot:4)
  An ancient lich (Vaults:5)
  A juggernaut (Depths:3)
  4 Killer Klowns
  2 caustic shrikes (Depths:3)
  A curse toe (Zot:4)
  6 golden dragons
  An iron giant (Zot:3)
  4 electric golems
  Rupert (D:12)
  28 tentacled monstrosities
  2 liches (Depths:2)
  2 titans
  Zenata (Vaults:1)
  The ghost of suomimenusko the Severer, an adept NaFi of Cheibriados (Swamp:2)
  20 Orb Guardians
  A walking divine tome (Depths:4)
  2 deep elf blademasters (Elf:3)
  2 walking frostbound tomes (Depths:3)
  10 sphinxes
  2 deep elf master archers (Elf:3)
  9 quicksilver dragons
  4 tengu reavers
  Kirke (Orc:2)
  10 death cobs
  An Executioner (Zot:4)
  The ghost of Viocziel the Brawler, an adept TrMo of Nemelex Xobeh (Depths:2)
  Roxanne (Swamp:2)
  15 storm dragons
  10 shadow dragons
  3 draconian knights
  12 fire giants
  An azure jelly (Zot:5)
  8 draconian monks
  A fenstrider witch (Depths:2)
  13 nagarajas (Snake:4)
  The ghost of Darold the Covert, an adept KoVM of Elyvilon (Swamp:1)
  4 iron dragons
  6 frost giants
  A caustic shrike zombie (Depths:3)
  Louise (Swamp:3)
  19 vault wardens
  9 deep elf sorcerers
  3 draconian scorchers
  4 angels (Zot:3)
  3 cacodemons (Depths:2)
  4 draconian annihilators
  8 draconian shifters
  2 deep elf elementalists (Elf:3)
  3 balrugs
  The ghost of Ysuot the Spear-Bearer, a journeyman OpWn of Okawaru (Swamp:1)
  2 quicksilver oozes
  3 orc warlords
  14 very ugly things
  13 ironbound preservers
  7 ghost moths
  2 spriggan defenders (Depths:3)
  9 stone giants
  A reaper (Depths:1)
  5 war gargoyles
  6 ironbound thunderhulks
  2 draconian stormcallers
  A broodmother (Depths:4)
  14 green draconians
  A vampire knight (Depths:4)
  6 deep elf demonologists
  17 black draconians
  22 purple draconians
  9 deep elf annihilators
  3 bunyips
  12 yellow draconians
  6 dire elephants
  4 eleionomae
  15 white draconians
  4 spark wasps
  A minotaur (shapeshifter) (Depths:2)
  9 ettins
  3 jiangshi (Depths:2)
  A green death (Depths:4)
  10 fire dragons
  7 red draconians
  The ghost of enotiy the Cleaver, a journeyman GrFi (D:14)
  5 deep elf death magi (Elf:3)
  3 deep elf high priests
  Josephine (D:10)
  10 yaktaur captains
  3 entropy weavers
  An entropy weaver (shapeshifter) (Depths:2)
  A great orb of eyes (shapeshifter) (Vaults:5)
  A hell beast (Depths:1)
  3 spriggan air magi (Depths:2)
  9 ice dragons
  2 shambling mangroves
  Fannar (D:10)
  34 vault guards
  2 peacekeepers
  6 boulder beetles
  11 great orbs of eyes
  A ghost crab (Swamp:3)
  A rakshasa (Depths:3)
  3 ogre magi
  A catoblepas (Lair:5)
  5 anacondas
  2 salamander tyrants (Snake:4)
  2 jorogumos
  An alligator snapping turtle (Depths:2)
  19 hydras
  4 two-headed ogres
  11 centaur warriors
  A death knight (D:14)
  6 ironbound frosthearts
  11 dancing weapons
  12 alligators
  5 death yaks
  11 deep troll shamans
  4 vampire magi
  13 naga warriors
  7 tengu warriors
  5 deep troll earth magi
  2 orc high priests (Orc:2)
  Sonja (D:11)
  6 shock serpents
  16 naga sharpshooters
  3 sun demons
  Amaemon (D:10)
  12 hell knights
  10 deep elf knights
  2 spriggan berserkers (Depths:1)
  3 fire crabs
  4 iron trolls
  2 sixfirhies
  3 skeletal warriors (D:15)
  3 sea snakes (Snake:2)
  2 flayed ghosts
  3 salamander mystics
  Lodul (D:14)
  9 swamp dragons
  9 naga ritualists
  4 spriggan druids
  6 goliath frogs
  An orange crystal statue (Depths:4)
  3 glowing orange brains
  33 deep trolls
  22 ironbound convokers
  4 death drakes
  8 wizards
  2 bog bodies
  3 orc knights
  9 lindwurms
  24 deep elf pyromancers
  Pikel (D:5)
  12 deep elf archers
  2 harpies
  25 deep elf zephyrmancers
  3 phantasmal warriors (Vaults:5)
  3 necromancers
  9 salamanders
  28 ugly things
  2 will-o-the-wisps
  A fire giant zombie (Depths:3)
  3 manticores
  5 orc sorcerers
  A shining eye (Elf:2)
  10 mana vipers
  A faun (Elf:2)
  7 cyclopes
  19 elephants
  7 guardian serpents
  A black mamba (shapeshifter) (Vaults:5)
  25 moths of wrath
  39 black mambas
  2 torpor snails
  14 vault sentinels
  11 cane toads
  2 orange demons
  16 naga magi
  3 gargoyles
  2 guardian serpents (shapeshifter)
  A centaur skeleton (D:15)
  A cane toad (shapeshifter) (D:15)
  A kobold demonologist (D:12)
  2 rime drakes
  4 freezing wraiths
  7 komodo dragons
  2 efreet (D:15)
  37 yaktaurs
  4 tengu conjurers
  A tormentor (D:1)
  A komodo dragon (shapeshifter) (Depths:2)
  2 red devils (Depths:4)
  A golden dragon simulacrum (IceCv)
  A meliai (shapeshifter) (Vaults:5)
  10 trolls
  6 polar bears
  3 meliai (D:15)
  11 tyrant leeches
  15 hornets
  A tarantella (Vaults:4)
  A snapping turtle (Depths:4)
  22 blink frogs
  A snapping turtle (shapeshifter) (Vaults:5)
  A sphinx simulacrum (Vaults:5)
  7 dream sheep (Lair:2)
  2 jumping spiders
  9 wraiths
  A centaur simulacrum (D:15)
  A culicivora (shapeshifter) (Vaults:5)
  4 air elementals
  20 slime creatures
  12 spriggans
  An elf skeleton (Vaults:5)
  A culicivora (Vaults:4)
  Sigmund (D:5)
  A shadow (D:12)
  2 ynoxinuls
  38 yaks
  8 vampires
  5 water elementals
  5 wyverns
  A fire elemental (Elf:1)
  A hog (Orc:2)
  2 dire elephant simulacra (IceCv)
  2 neqoxecs (Depths:2)
  7 fire bats (Volcano)
  4 steam dragons (Swamp:4)
  Menkaure (Ossuary)
  6 basilisks
  A redback (Vaults:4)
  15 vampire mosquitoes
  8 wargs
  A warg (shapeshifter) (Depths:2)
  A harpy simulacrum (IceCv)
  45 nagas
  20 swamp worms
  A water moccasin (shapeshifter) (Vaults:2)
  2 acid dragons
  19 water moccasins
  A hell hound (Volcano)
  3 floating eyes
  A floating eye (shapeshifter) (Vaults:5)
  36 orc warriors
  6 swamp drakes
  An ice beast (D:5)
  An elf simulacrum (Vaults:5)
  A swamp drake (shapeshifter) (Depths:2)
  A human zombie (Vaults:5)
  An ice beast (shapeshifter) (Zot:3)
  A sky beast (D:8)
  3 alligator simulacra (IceCv)
  A black bear (D:4)
  4 boggarts
  19 wolves
  A boggart (shapeshifter) (Depths:2)
  14 centaurs
  17 ogres
  4 lemures (D:5)
  4 kobold brigands
  11 bullfrogs
  6 scorpions
  3 earth elementals
  A hornet simulacrum (D:15)
  21 wights
  A killer bee (shapeshifter) (Depths:2)
  9 killer bees
  A jelly (D:6)
  A lindwurm simulacrum (IceCv)
  6 howler monkeys
  2 electric eels (Lair:2)
  A lava snake (Swamp:4)
  8 orc priests
  2 gnoll boudas
  3 hounds
  Crazy Yiuf (D:4)
  Jessica (D:2)
  2 iguanas
  18 orc wizards
  3 mummies (Ossuary)
  Robin (D:2)
  10 gnolls
  5 river rats (Sewer)
  A river rat (shapeshifter) (Vaults:5)
  8 adders
  2 ufetubi (D:5)
  2 worms
  4 dart slugs
  83 orcs
  16 ball pythons
  6 endoplasms
  3 giant cockroaches
  7 hobgoblins
  4 quokkas
  7 bats
  7 frilled lizards
  2 gnoll skeletons (Ossuary)
  4 gnoll zombies (Ossuary)
  14 goblins
  5 goblin skeletons (Ossuary)
  3 goblin zombies (Ossuary)
  3 hobgoblin skeletons (Ossuary)
  4 hobgoblin zombies (Ossuary)
  16 kobolds
  5 kobold skeletons (Ossuary)
  5 kobold zombies (Ossuary)
  5 orc skeletons (Ossuary)
  4 orc zombies (Ossuary)
  15 rats
  5 rat skeletons (Ossuary)
  5 rat zombies (Ossuary)
  2 butterflies (Zot:3)
2022 creatures vanquished.

Vanquished Creatures (collateral kills)
  A Killer Klown (Zot:5)
  A tentacled monstrosity (Zot:1)
  3 Orb Guardians (Zot:5)
  A quicksilver dragon (Zot:4)
  A sphinx (Vaults:5)
  A death cob (Zot:1)
  A storm dragon (Depths:2)
  An emperor scorpion (Zot:4)
  A vault warden (Vaults:5)
  A ghost moth (Zot:5)
  A dire elephant (Zot:5)
  2 purple draconians
  A white draconian (Zot:4)
  A black draconian (Zot:5)
  A yaktaur captain (Vaults:1)
  A death yak (Zot:4)
  An orc high priest (Orc:2)
  3 deep trolls (Vaults:1)
  A manticore (Vaults:2)
  4 yaktaurs
  2 yaks (D:10)
  3 hogs (Orc:2)
33 creatures vanquished.

Vanquished Creatures (others)
  An eldritch tentacle (Zot:3)
  2 deep elf zephyrmancers
  A bloated husk (Swamp:1)
  A spriggan (Swamp:2)
  A steam dragon (Swamp:4)
  2 swamp drakes (Swamp:4)
  3 orcs (Orc:2)
  10 foxfires
  37 fungi
  5 pillars of salt (Zot:3)
  68 plants
  103 spectral weapons
  5 withered plants (Swamp:1)
239 creatures vanquished.

Grand Total: 2294 creatures vanquished

Notes
Turn   | Place    | Note
-------+----------+-------------------------------------------
     0 | D:1      | NoMoreGames the Merfolk Fighter began the quest for the
                  | Orb.
     0 | D:1      | Reached XP level 1. HP: 18/18 MP: 1/1
   208 | D:1      | Reached skill level 1 in Dodging
   216 | D:1      | Reached XP level 2. HP: 20/24 MP: 2/2
   270 | D:1      | Found Yjashefu's Assorted Antiques.
   972 | D:1      | Bought a scroll of identify for 36 gold pieces
  1186 | D:2      | Reached XP level 3. HP: 30/30 MP: 3/3
  1454 | D:2      | Noticed Jessica
  1458 | D:2      | Killed Jessica
  1459 | D:2      | Reached XP level 4. HP: 24/37 MP: 4/4
  1559 | D:2      | Noticed Robin
  1717 | D:2      | Killed Robin
  1911 | D:2      | Reached XP level 5. HP: 43/43 MP: 5/5
  2343 | D:3      | Found a burning altar of Makhleb.
  2343 | D:3      | Noticed a green death
  2346 | D:3      | Noticed a smoke demon
  2346 | D:3      | Noticed an orange demon
  2444 | D:3      | Found a faded altar of an unknown god.
  2908 | D:3      | Reached skill level 5 in Fighting
  2908 | D:3      | Reached skill level 5 in Polearms
  3073 | D:4      | Reached XP level 6. HP: 51/51 MP: 6/6
  3249 | D:4      | Found an iron altar of Okawaru.
  3251 | D:4      | Noticed a black bear
  3272 | D:4      | Killed a black bear
  3273 | D:4      | Reached skill level 5 in Dodging
  3493 | D:4      | Found a runed translucent door.
  3494 | D:4      | Noticed Crazy Yiuf
  3499 | D:4      | Killed Crazy Yiuf
  3935 | D:5      | Entered Level 5 of the Dungeon
  3975 | D:5      | Reached XP level 7. HP: 56/56 MP: 7/7
  4204 | D:5      | Found a glowing drain.
  4223 | D:5      | Noticed Sigmund
  4244 | D:5      | Killed Sigmund
  4256 | Sewer    | Entered a sewer
  4647 | D:5      | Reached XP level 8. HP: 65/65 MP: 8/8
  4839 | D:5      | Noticed Pikel
  4850 | D:5      | Killed Pikel
  5219 | D:1      | Bought a shiny ring mail for 126 gold pieces
  5230 | D:1      | Bought a glowing cyan potion for 16 gold pieces
  5487 | D:6      | Found a staircase to the Ecumenical Temple.
  5508 | D:6      | Reached XP level 9. HP: 69/73 MP: 9/9
  5586 | Temple   | Entered the Ecumenical Temple
  5798 | D:6      | Found an ancient bone altar of Kikubaaqudgha.
  5818 | D:6      | Identified the +0 scale mail "Cegotu" {rElec rC+++ Will-
                  | Int+6}
  6022 | D:6      | Found a blossoming altar of Fedhas.
  6320 | D:7      | Found a snail-covered altar of Cheibriados.
  6688 | D:7      | Reached skill level 10 in Polearms
  6688 | D:7      | Reached skill level 10 in Dodging
  7175 | D:8      | Reached skill level 10 in Fighting
  7226 | D:8      | Noticed a +0 falchion
  7227 | D:8      | Noticed a +0 spear
  7228 | D:8      | Noticed a +0 dagger
  7228 | D:8      | Noticed a +0 spear
  7228 | D:8      | Noticed a +0 short sword
  7229 | D:8      | Noticed a +0 short sword
  7229 | D:8      | Noticed a +0 falchion
  7250 | D:8      | Reached XP level 10. HP: 85/85 MP: 10/10
  7263 | D:8      | Found a hide-covered altar of Uskayaw.
  7264 | D:8      | Noticed a +0 dagger
  7374 | D:8      | Found a sparkling altar of Nemelex Xobeh.
  7379 | D:8      | Became a worshipper of Nemelex Xobeh the Trickster
  7536 | D:8      | Found a sand-covered staircase.
  7545 | Ossuary  | Entered an ossuary
  7836 | Ossuary  | Noticed Menkaure
  7869 | Ossuary  | Killed Menkaure
  8139 | D:8      | Found a radiant altar of Vehumet.
  8295 | D:8      | Reached * piety under Nemelex Xobeh
  8672 | D:9      | Received a gift from Nemelex Xobeh
  8802 | D:9      | Reached skill level 5 in Shields
  9125 | D:10     | Entered Level 10 of the Dungeon
  9130 | D:10     | Found a bloodstained altar of Trog.
  9143 | D:10     | Reached skill level 1 in Throwing
  9143 | D:10     | Reached skill level 1 in Invocations
  9143 | D:10     | Reached skill level 1 in Evocations
  9266 | D:10     | Reached XP level 11. HP: 64/93 MP: 7/12
  9491 | D:10     | Noticed Fannar
  9520 | D:10     | Killed Fannar
  9641 | D:10     | Noticed Josephine
  9663 | D:10     | Killed Josephine
  9806 | D:10     | Found a staircase to the Lair.
  9823 | D:10     | Reached skill level 5 in Armour
  9827 | D:10     | Reached ** piety under Nemelex Xobeh
 10115 | D:10     | Noticed a two-headed ogre
 10196 | D:10     | Killed a two-headed ogre
 10265 | D:10     | Noticed a two-headed ogre
 10276 | D:10     | Killed a two-headed ogre
 10363 | D:10     | Found a basalt altar of Yredelemnul.
 10620 | Lair:1   | Entered Level 1 of the Lair of Beasts
 10620 | Lair:1   | Noticed Amaemon
 10846 | D:10     | Killed Amaemon
 10947 | Lair:1   | Reached skill level 5 in Invocations
 11156 | Lair:1   | Received a gift from Nemelex Xobeh
 11220 | Lair:1   | Reached skill level 5 in Evocations
 11220 | Lair:1   | Reached XP level 12. HP: 70/102 MP: 11/15
 11224 | Lair:1   | Reached skill level 5 in Throwing
 11441 | Lair:1   | Noticed a boulder beetle
 11520 | Lair:1   | Killed a boulder beetle
 11823 | Lair:1   | Noticed a four-headed hydra
 11837 | Lair:1   | Killed a four-headed hydra
 11996 | Lair:1   | Reached *** piety under Nemelex Xobeh
 12081 | Lair:1   | Received a gift from Nemelex Xobeh
 12393 | Lair:2   | Noticed a four-headed hydra
 12400 | Lair:2   | Killed a four-headed hydra
 12436 | Lair:2   | Received a gift from Nemelex Xobeh
 12476 | Lair:2   | Reached **** piety under Nemelex Xobeh
 12550 | Lair:2   | Noticed a four-headed hydra
 12566 | Lair:2   | Killed a four-headed hydra
 12605 | Lair:2   | Found a dark tunnel.
 12644 | Volcano  | Entered a volcano
 12855 | Volcano  | Noticed a fire dragon
 12866 | Volcano  | Killed a fire dragon
 12867 | Volcano  | Reached XP level 13. HP: 76/111 MP: 12/18
 12880 | Volcano  | Identified the +1 pair of gloves "Ykloniv" {MP+9}
 13061 | Lair:2   | Identified the +9 dagger of Certain Death {flame, rPois rC-
                  | Int+4 Stlth+}
 13433 | Lair:2   | Identified the +1 buckler of Upion {rPois Dex+2}
 13461 | Lair:2   | Found a staircase to the Snake Pit.
 13604 | Lair:2   | Found a staircase to the Swamp.
 13792 | Lair:2   | Reached skill level 1 in Stealth
 14272 | Lair:3   | Received a gift from Nemelex Xobeh
 14809 | Lair:3   | Received a gift from Nemelex Xobeh
 14975 | Lair:4   | Reached ***** piety under Nemelex Xobeh
 15614 | Lair:5   | Entered Level 5 of the Lair of Beasts
 15623 | Lair:4   | Reached skill level 10 in Invocations
 15636 | Lair:5   | Reached skill level 5 in Stealth
 15677 | Lair:5   | Reached XP level 14. HP: 118/121 MP: 19/21
 15840 | Lair:5   | Found a runed translucent door.
 15872 | Lair:5   | Found a viscous altar of Jiyva.
 15872 | Lair:5   | Noticed an acid blob
 15874 | Lair:5   | Found a staircase to the Slime Pits.
 16082 | Lair:5   | Received a gift from Nemelex Xobeh
 16111 | Lair:5   | Reached skill level 15 in Fighting
 16131 | Lair:5   | Reached skill level 15 in Dodging
 16226 | Lair:5   | Identified the +4 dagger of Terra Nullius {freeze, rCorr}
 16720 | Lair:5   | Received a gift from Nemelex Xobeh
 17097 | Lair:5   | Noticed a dire elephant
 17108 | Lair:5   | Killed a dire elephant
 17116 | Lair:5   | Identified the +6 double sword of the End {vamp, rF- Will++
                  | Dex+3 Stlth+}
 17539 | D:11     | Noticed Sonja
 17551 | D:11     | Killed Sonja
 17674 | D:11     | Found a staircase to the Orcish Mines.
 17799 | D:11     | Found Bitarrou's Tiny Tomes.
 17811 | D:11     | Learned a level 2 spell: Blink
 17813 | D:11     | Received a gift from Nemelex Xobeh
 18144 | Orc:1    | Entered Level 1 of the Orcish Mines
 18185 | Orc:2    | Entered Level 2 of the Orcish Mines
 18492 | Orc:2    | Noticed an orc warlord
 18492 | Orc:2    | Noticed an orc warlord
 18508 | Orc:2    | Noticed Saint Roka
 18631 | Orc:1    | Reached skill level 1 in Spellcasting
 18827 | D:12     | Noticed Rupert
 18833 | D:12     | Paralysed by Rupert for 2 turns
 18840 | D:12     | Killed Rupert
 18841 | D:12     | Reached skill level 1 in Translocations
 18848 | D:12     | Found Icicekag's Armour Shoppe.
 18873 | D:12     | Bought a +0 pair of boots of stealth for 161 gold pieces
 18980 | D:12     | Found Xapofucrei's Antique Weapon Shoppe.
 19075 | D:12     | Found Ynyemmocw's Antique Weapon Emporium.
 19431 | D:13     | Found a glowing golden altar of the Shining One.
 19456 | D:13     | Received a gift from Nemelex Xobeh
 19477 | D:13     | Reached XP level 15. HP: 87/130 MP: 15/23
 19867 | D:13     | Found a gate to the Vaults.
 20223 | D:13     | Received a gift from Nemelex Xobeh
 20426 | D:14     | Noticed Lodul
 20438 | D:14     | Killed Lodul
 20463 | D:14     | Reached ****** piety under Nemelex Xobeh
 20654 | D:14     | Received a gift from Nemelex Xobeh
 20655 | D:14     | Found a runed translucent door.
 20655 | D:14     | Noticed enotiy's ghost (journeyman GrFi)
 21082 | D:14     | Identified the +6 spear of Epiel {venom, rC- rN+++ Int+4}
 21160 | D:14     | Killed enotiy's ghost
 21269 | D:15     | Entered Level 15 of the Dungeon
 21499 | D:15     | Received a gift from Nemelex Xobeh
 21845 | D:15     | Found a staircase to the Depths.
 21869 | D:15     | Identified a scroll of acquirement
 22077 | D:15     | Received a gift from Nemelex Xobeh
 22339 | D:11     | Killed an orc warlord
 22528 | D:11     | Killed an orc warlord
 22888 | Orc:2    | Found a staircase to the Elven Halls.
 22891 | Orc:2    | Found Niuc's General Store.
 22936 | Orc:2    | Reached XP level 16. HP: 75/139 MP: 18/25
 22944 | Orc:1    | Received a gift from Nemelex Xobeh
 23274 | Orc:1    | Acquired a manual of Invocations
 23700 | Orc:2    | Saint Roka changed into Saint Roka the stone giant
 23700 | Orc:2    | Noticed Saint Roka
 23705 | Orc:2    | Killed Saint Roka the stone giant
 23912 | Orc:2    | Found Pysonnuk's Antique Weapon Emporium.
 23994 | Orc:2    | Bought a scroll of magic mapping for 90 gold pieces
 24208 | Orc:2    | Found Sisesh's Jewellery Shoppe.
 24216 | Orc:2    | Bought the amulet "Riadoh" {Reflect Will++ Str+3 SH+5
                  | Stlth+} for 1021 gold pieces
 24229 | Orc:2    | Bought the ring "Kuigoj" {Fire rElec Will+} for 758 gold
                  | pieces
 24248 | Orc:2    | Found Nytuse's Antique Armour Shop.
 24276 | Orc:2    | Bought a crude chain mail for 304 gold pieces
 24276 | Orc:2    | Identified the +8 chain mail of Xoiriasy {rN++ Str-2} (You
                  | bought it in a shop on level 2 of the Orcish Mines)
 24541 | Snake:1  | Entered Level 1 of the Snake Pit
 24554 | Snake:1  | Found Suirr's Book Shoppe.
 24693 | Snake:1  | Received a gift from Nemelex Xobeh
 24897 | Snake:1  | Reached skill level 5 in Spellcasting
 24914 | Snake:1  | Received a gift from Nemelex Xobeh
 25370 | Snake:2  | Found Edaahecs's Book Boutique.
 25372 | Snake:2  | Found Dureomuf's Jewellery Emporium.
 25373 | Snake:2  | Found Fygorph's Book Boutique.
 25519 | Snake:2  | Reached skill level 5 in Translocations
 25712 | Snake:2  | Found a runed translucent gate.
 25712 | Snake:2  | Found a runed translucent gate.
 25712 | Snake:2  | Found a runed translucent gate.
 25778 | Snake:2  | Received a gift from Nemelex Xobeh
 26246 | Snake:2  | Found a hazy altar of Hepliaklqana.
 27144 | Snake:3  | Identified the +7 chain mail of Damp Wonder {Int+2}
 27277 | Snake:3  | Reached XP level 17. HP: 147/147 MP: 27/27
 27487 | Snake:3  | Received a gift from Nemelex Xobeh
 28115 | Snake:4  | Entered Level 4 of the Snake Pit
 28163 | Snake:4  | Found a frozen archway.
 28258 | IceCv    | Entered an ice cave
 28518 | IceCv    | Found a transporter.
 28547 | IceCv    | Found a transporter.
 28900 | Snake:4  | Reached skill level 15 in Invocations
 29200 | Snake:4  | Received a gift from Nemelex Xobeh
 30242 | Snake:4  | Reached skill level 10 in Armour
 31091 | Snake:4  | Reached XP level 18. HP: 109/157 MP: 29/29
 31355 | Snake:4  | Got a serpentine rune of Zot
 31980 | Snake:2  | Bought a ring of see invisible for 270 gold pieces
 32092 | Swamp:1  | Entered Level 1 of the Swamp
 32696 | Swamp:1  | Found a runed translucent gate.
 32696 | Swamp:1  | Found a runed translucent gate.
 32699 | Swamp:1  | Found a runed translucent gate.
 32700 | Swamp:1  | Noticed Ysuot's ghost (journeyman OpWn)
 32700 | Swamp:1  | Noticed Darold's ghost (adept KoVM)
 33010 | Swamp:1  | Received a gift from Nemelex Xobeh
 33015 | Swamp:1  | Identified the scarf "Ymie" {shadows, rC+ Str-5 Slay+5}
 33237 | Swamp:1  | Killed Darold's ghost
 33244 | Swamp:1  | Killed Ysuot's ghost
 33257 | Swamp:1  | Identified the amulet "Rinkipn" {Reflect rElec Will+ Int+4
                  | Dex+3 SH+5}
 33813 | Swamp:2  | Identified the +7 scale mail of Hangman {MP+9 Int+2}
 33819 | Swamp:2  | Found a transporter.
 33829 | Swamp:2  | Found a transporter.
 33842 | Swamp:2  | Noticed Roxanne
 33869 | Swamp:2  | Killed Roxanne
 33987 | Swamp:2  | Received a gift from Nemelex Xobeh
 34001 | Swamp:2  | Noticed suomimenusko's ghost (adept NaFi)
 34476 | Swamp:2  | Killed suomimenusko's ghost
 34699 | Swamp:2  | Identified the ring "Zoecwu" {Fire Str-4 Int+2 Dex+5}
 34769 | Swamp:3  | Identified the +2 troll leather armour "Zoymypn" {Fly rPois
                  | Regen+}
 35015 | Swamp:3  | Found a runed translucent gate.
 35016 | Swamp:3  | Found a runed translucent gate.
 35017 | Swamp:3  | Found a runed translucent gate.
 35035 | Swamp:3  | Noticed Louise
 35049 | Swamp:3  | Killed Louise
 35161 | Swamp:3  | Noticed Xuisum's ghost (adept TrMo)
 35164 | Swamp:3  | Received a gift from Nemelex Xobeh
 35285 | Swamp:4  | Entered Level 4 of the Swamp
 36305 | Swamp:4  | Received a gift from Nemelex Xobeh
 36342 | Swamp:4  | Reached XP level 19. HP: 157/165 MP: 31/31
 36572 | Swamp:4  | Got a decaying rune of Zot
 37063 | Elf:1    | Entered Level 1 of the Elven Halls
 37063 | Elf:1    | Noticed Kirke
 37191 | Orc:2    | Killed Kirke
 37295 | Elf:1    | Received a gift from Nemelex Xobeh
 37354 | Elf:1    | Found Finofin's Jewellery Shop.
 37745 | Elf:1    | Received a gift from Nemelex Xobeh
 37864 | Elf:1    | Found a shimmering blue altar of Sif Muna.
 37910 | Elf:1    | Paralysed by an air elemental for 1 turns
 37912 | Elf:1    | Paralysed by an air elemental for 1 turns
 37923 | Elf:1    | Paralysed by an air elemental for 1 turns
 38395 | Elf:1    | Reached skill level 10 in Shields
 38747 | Elf:2    | Paralysed by an air elemental for 1 turns
 38767 | Elf:2    | Received a gift from Nemelex Xobeh
 39437 | Elf:2    | Found a runed translucent gate.
 39438 | Elf:2    | Found a runed translucent gate.
 39438 | Elf:2    | Found a runed translucent gate.
 39770 | Elf:2    | Found Foerujoa's Weapon Shoppe.
 40424 | Vaults:1 | Entered Level 1 of the Vaults
 41120 | Vaults:1 | Received a gift from Nemelex Xobeh
 41385 | Vaults:1 | Reached XP level 20. HP: 174/174 MP: 33/33
 42027 | Vaults:1 | Noticed Zenata
 42055 | Vaults:1 | HP: 8/176 [Zenata/a resonance strike (9)]
 43112 | Vaults:1 | Received a gift from Nemelex Xobeh
 43307 | Vaults:1 | Killed Zenata
 44066 | Vaults:2 | Received a gift from Nemelex Xobeh
 45840 | Vaults:3 | Found a huge runed gate.
 45840 | Vaults:3 | Found a huge runed gate.
 45840 | Vaults:3 | Found a huge runed gate.
 45840 | Vaults:3 | Found a huge runed gate.
 45840 | Vaults:3 | Found a huge runed gate.
 45840 | Vaults:3 | Found a huge runed gate.
 45840 | Vaults:3 | Found a huge runed gate.
 45841 | Vaults:3 | Found a huge runed gate.
 45841 | Vaults:3 | Found a huge runed gate.
 45841 | Vaults:3 | Found a huge runed gate.
 45852 | Vaults:3 | Found a huge runed gate.
 45852 | Vaults:3 | Found a huge runed gate.
 45852 | Vaults:3 | Found a huge runed gate.
 45852 | Vaults:3 | Found a huge runed gate.
 45852 | Vaults:3 | Found a huge runed gate.
 45852 | Vaults:3 | Found a huge runed gate.
 45852 | Vaults:3 | Found a huge runed gate.
 45909 | Vaults:3 | Found a huge runed gate.
 45910 | Vaults:3 | Found a huge runed gate.
 45918 | Vaults:3 | Found a huge runed gate.
 45918 | Vaults:3 | Received a gift from Nemelex Xobeh
 45918 | Vaults:3 | Found a huge runed gate.
 45918 | Vaults:3 | Found a huge runed gate.
 45918 | Vaults:3 | Found a huge runed gate.
 45918 | Vaults:3 | Found a huge runed gate.
 45918 | Vaults:3 | Found a huge runed gate.
 45919 | Vaults:3 | Found a huge runed gate.
 45920 | Vaults:3 | Found a huge runed gate.
 45921 | Vaults:3 | Found a huge runed gate.
 45929 | Vaults:3 | Found a huge runed gate.
 45929 | Vaults:3 | Found a huge runed gate.
 45929 | Vaults:3 | Found a huge runed gate.
 45929 | Vaults:3 | Found a huge runed gate.
 45929 | Vaults:3 | Found a huge runed gate.
 45929 | Vaults:3 | Found a huge runed gate.
 45930 | Vaults:3 | Found a huge runed gate.
 45942 | Vaults:3 | Found Nenwigh's Weapon Emporium.
 46333 | Vaults:3 | Found a huge runed gate.
 46333 | Vaults:3 | Found a huge runed gate.
 46333 | Vaults:3 | Found a huge runed gate.
 46333 | Vaults:3 | Found a huge runed gate.
 46333 | Vaults:3 | Found a huge runed gate.
 46333 | Vaults:3 | Found a huge runed gate.
 46334 | Vaults:3 | Found a huge runed gate.
 46334 | Vaults:3 | Found a huge runed gate.
 46334 | Vaults:3 | Found a huge runed gate.
 46334 | Vaults:3 | Found a huge runed gate.
 46337 | Vaults:3 | Found a huge runed gate.
 46337 | Vaults:3 | Found a huge runed gate.
 46337 | Vaults:3 | Found a huge runed gate.
 46337 | Vaults:3 | Found a huge runed gate.
 46337 | Vaults:3 | Found a huge runed gate.
 46337 | Vaults:3 | Found a huge runed gate.
 46338 | Vaults:3 | Found a huge runed gate.
 46339 | Vaults:3 | Found a huge runed gate.
 46340 | Vaults:3 | Found a huge runed gate.
 46348 | Vaults:3 | Found a huge runed gate.
 46348 | Vaults:3 | Found a huge runed gate.
 46348 | Vaults:3 | Found a huge runed gate.
 46348 | Vaults:3 | Found a huge runed gate.
 46348 | Vaults:3 | Found a huge runed gate.
 46348 | Vaults:3 | Found a huge runed gate.
 46349 | Vaults:3 | Found a huge runed gate.
 46350 | Vaults:3 | Found a huge runed gate.
 46351 | Vaults:3 | Found a huge runed gate.
 46360 | Vaults:3 | Found a huge runed gate.
 46360 | Vaults:3 | Found a huge runed gate.
 46360 | Vaults:3 | Found a huge runed gate.
 46360 | Vaults:3 | Found a huge runed gate.
 46360 | Vaults:3 | Found a huge runed gate.
 46361 | Vaults:3 | Found a huge runed gate.
 46362 | Vaults:3 | Found a huge runed gate.
 46363 | Vaults:3 | Found a huge runed gate.
 46455 | Vaults:3 | Found a staircase to the Crypt.
 46563 | Vaults:3 | Found a huge runed gate.
 46593 | Vaults:3 | Received a gift from Nemelex Xobeh
 46767 | Vaults:3 | Reached XP level 21. HP: 158/183 MP: 35/35
 47639 | Vaults:4 | Received a gift from Nemelex Xobeh
 47944 | Vaults:4 | Reached skill level 15 in Shields
 48089 | Vaults:4 | Received a gift from Nemelex Xobeh
 48398 | Vaults:4 | Found Qekis's Magic Scroll Shoppe.
 48410 | Vaults:4 | Bought a scroll of acquirement for 1196 gold pieces
 48416 | Vaults:4 | Acquired a +0 pair of gloves of strength
 48428 | Vaults:4 | Bought a scroll of blinking for 172 gold pieces
 48428 | Vaults:4 | Bought a scroll of butterflies for 92 gold pieces
 48518 | Vaults:4 | Received a gift from Nemelex Xobeh
 48982 | Depths:1 | Entered Level 1 of the Depths
 48997 | D:15     | Acquired the ring "Pilom" {rElec Dex+6 SInv}
 49012 | Depths:1 | Found Jeci's General Store.
 49019 | Depths:1 | Found Junuohiy's Book Emporium.
 49019 | Depths:1 | Found Maeddutri's Armour Shoppe.
 49024 | Depths:1 | Found Xunwargh's Magic Scroll Shoppe.
 49301 | Depths:1 | Received a gift from Nemelex Xobeh
 49472 | Depths:1 | Received a gift from Nemelex Xobeh
 49875 | Depths:1 | Found a gateway to Hell.
 49897 | Depths:1 | Reached skill level 10 in Translocations
 50487 | Depths:2 | Received a gift from Nemelex Xobeh
 50798 | Depths:2 | Found a runed translucent gate.
 50798 | Depths:2 | Found a runed translucent gate.
 50798 | Depths:2 | Found a runed translucent gate.
 50944 | Depths:2 | Found a one-way gate leading to the halls of Pandemonium.
 51077 | Depths:2 | Received a gift from Nemelex Xobeh
 52092 | Depths:2 | Reached XP level 22. HP: 194/194 MP: 36/36
 52342 | Depths:2 | Received a gift from Nemelex Xobeh
 52384 | Depths:2 | Found a portal to a secret trove of treasure.
 52401 | Depths:2 | You paid a toll of 7 scrolls of fog to enter a treasure
                  | trove
 52402 | Trove    | Entered a treasure trove
 52407 | Trove    | Identified the ring "Boemoab" {Fly rPois rC+ Str+3 Slay-3}
 52420 | Trove    | Identified the ring of Mirth {rPois rC+ rCorr}
 52426 | Trove    | Identified the ring of Jaraj {rCorr Str+3 SInv}
 52434 | Trove    | Identified the ring of Zuuj {*Corrode Will+ Dex+4}
 52450 | Trove    | Identified the ring "Jomaburph" {rC+ rN+ Int+3 Dex+3}
 52454 | Trove    | Identified the +0 buckler of Defiance {rF+ rC+ Int+4}
 52455 | Trove    | Identified the amulet "Gutwitz" {RegenMP Regen+ Int+2}
 52458 | Trove    | Identified the amulet of Rouroplaps {Spirit rCorr Stlth+}
 52461 | Trove    | Identified the amulet of the Salamander {rElec rN+ Regen+}
 52466 | Trove    | Identified the +0 hat of the Valley {rElec rC- Regen+
                  | Slay+5}
 52468 | Trove    | Identified the +0 hat "Beixkekh" {rCorr Int+4}
 52866 | Depths:2 | Found a runed translucent gate.
 52866 | Depths:2 | Found a runed translucent gate.
 52872 | Depths:2 | Found a runed translucent gate.
 52872 | Depths:2 | Noticed Viocziel's ghost (adept TrMo)
 53089 | Depths:2 | Gained mutation: You occasionally shout uncontrollably at
                  | your foes. [a cacodemon]
 53118 | Depths:2 | Noticed a golden dragon
 53119 | Depths:2 | a golden dragon changed into a sphinx
 53148 | Depths:2 | Killed Viocziel's ghost
 53190 | Depths:2 | Identified the +1 pair of boots "Neiraowk" {+Blink}
 53341 | Depths:3 | Noticed a juggernaut
 53346 | Depths:3 | Noticed a golden dragon
 53361 | Depths:3 | Killed a juggernaut
 53374 | Depths:3 | Killed a golden dragon
 53648 | Depths:3 | Found a runed translucent gate.
 53648 | Depths:3 | Found a runed translucent gate.
 53648 | Depths:3 | Found a runed translucent gate.
 53654 | Depths:3 | Noticed Xutext's ghost (adept DsAK)
 53853 | Depths:3 | Received a gift from Nemelex Xobeh
 53857 | Depths:3 | Found a one-way gateway to a ziggurat.
 54183 | Depths:3 | Noticed a caustic shrike
 54351 | Depths:3 | Noticed a caustic shrike
 54362 | Depths:3 | Killed a caustic shrike
 54436 | Depths:3 | Noticed a golden dragon
 54454 | Depths:3 | Killed a golden dragon
 54530 | Depths:3 | Found a one-way gate to the infinite horrors of the Abyss.
 54631 | Depths:3 | Killed a caustic shrike
 54873 | Depths:3 | Identified the staff of death "Mybucuy" {rPois rC+ rN+
                  | Str-3}
 54875 | Depths:3 | Identified the +6 demon blade of the Lonely Ears {venom,
                  | rC+ rN+ Str+6}
 54882 | Depths:3 | Paralysed by a floating eye for 3 turns
 55191 | Depths:3 | Found a basalt altar of Yredelemnul.
 55274 | Depths:4 | Entered Level 4 of the Depths
 55288 | Depths:4 | Paralysed by a floating eye for 2 turns
 55386 | Depths:4 | Paralysed by a floating eye for 3 turns
 55986 | Depths:4 | Received a gift from Nemelex Xobeh
 56364 | Depths:4 | Reached XP level 23. HP: 206/211 MP: 37/37
 57366 | Depths:4 | Found a gate to the Realm of Zot.
 57484 | Depths:4 | Identified the staff of conjuration "Wiudaxad" {Drain
                  | +Blink rN+++}
 59396 | Elf:3    | Entered Level 3 of the Elven Halls
 59456 | Elf:3    | Received a gift from Nemelex Xobeh
 59482 | Elf:3    | Found Bafuirghi's Magic Scroll Emporium.
 59484 | Elf:3    | Found Zune's Book Shoppe.
 59487 | Elf:3    | Found Xiqeso's Antique Weapon Emporium.
 59490 | Elf:3    | Bought a scroll of brand weapon for 123 gold pieces
 59703 | Elf:3    | Received a gift from Nemelex Xobeh
 59917 | Elf:3    | Identified the +3 executioner's axe "Ogrebane" {venom,
                  | Drain +Blink Int+2 Dex+3}
 60342 | Elf:3    | Identified the +8 war axe of the Morning {speed, *Slow
                  | rN+++ rCorr Int+4}
 60342 | Elf:3    | Identified the +12 executioner's axe "Xyaroged" {freeze,
                  | Int+2}
 60353 | Elf:3    | Identified the +8 chain mail of the Swamp {*Slow rN++
                  | Dex+3}
 60353 | Elf:3    | Identified the ring "Xiypom" {rN+ Str+7}
 60393 | Elf:3    | Identified the +9 dagger of Intense Action {holy, Fragile
                  | Fly rElec rN+++}
 60477 | Elf:3    | Identified the +9 quarterstaff of Bodily Humours {freeze,
                  | rElec Dex-3 Stlth+}
 60487 | Elf:3    | Identified the ring of Youthful Indiscretion {Int+4 Dex+6}
 60509 | Elf:3    | Identified the +1 mace "Ciurghus" {speed, Str-4 Int+3
                  | Dex+2}
 60511 | Elf:3    | Identified the +8 flail of the Last Wonders {spect, Fly
                  | rElec Str+4}
 60806 | Elf:3    | Reached skill level 27 in Fighting
 61113 | Vaults:5 | Entered Level 5 of the Vaults
 61377 | Vaults:5 | Reached XP level 24. HP: 214/227 MP: 37/37
 61878 | Vaults:5 | Received a gift from Nemelex Xobeh
 62003 | Vaults:5 | Noticed an ancient lich
 62019 | Vaults:5 | Killed an ancient lich
 62685 | Vaults:5 | Found Mas Tice's Distillery.
 62703 | Vaults:5 | Bought a potion of might for 88 gold pieces
 62703 | Vaults:5 | Bought a potion of cancellation for 176 gold pieces
 62703 | Vaults:5 | Bought a potion of cancellation for 176 gold pieces
 62710 | Vaults:5 | Found Ruejyral's Distillery.
 62711 | Vaults:5 | Received a gift from Nemelex Xobeh
 62715 | Vaults:5 | Bought a potion of berserk rage for 55 gold pieces
 62715 | Vaults:5 | Bought a potion of berserk rage for 55 gold pieces
 62715 | Vaults:5 | Bought a potion of resistance for 110 gold pieces
 62715 | Vaults:5 | Bought a potion of heal wounds for 55 gold pieces
 62715 | Vaults:5 | Bought a potion of might for 44 gold pieces
 62715 | Vaults:5 | Bought a potion of magic for 88 gold pieces
 62790 | Vaults:5 | Found Tiq Geiz's Distillery.
 63025 | Vaults:5 | Got a silver rune of Zot
 63029 | Vaults:5 | Found Quaptiel's Antique Armour Shop.
 63035 | Vaults:5 | Bought a shimmering ring mail for 333 gold pieces
 63035 | Vaults:5 | Identified the +1 ring mail of Beyond {rF+ Int+2 Slay+2}
                  | (You bought it in a shop on level 5 of the Vaults)
 63060 | Vaults:5 | Bought a brightly glowing plate armour for 1036 gold pieces
 63060 | Vaults:5 | Identified the +0 plate armour of Vanity {Regen+} (You
                  | bought it in a shop on level 5 of the Vaults)
 63082 | Vaults:5 | Found Bewkeqad's Distillery.
 63087 | Vaults:5 | Bought a potion of haste for 180 gold pieces
 63087 | Vaults:5 | Bought a potion of haste for 180 gold pieces
 63089 | Vaults:5 | Found Cuacal's Distillery.
 63090 | Vaults:5 | Found Vomut's Antique Weapon Shoppe.
 63454 | Zot:1    | Entered Level 1 of the Realm of Zot
 63849 | Zot:1    | Found a large runed translucent door.
 63849 | Zot:1    | Found a large runed translucent door.
 63850 | Zot:1    | Identified the +0 hand axe of Hacking and Slashing {flame,
                  | Drain Str+3}
 63852 | Zot:1    | Noticed Icycared's ghost (master GrFi)
 64139 | Zot:1    | Reached XP level 25. HP: 76/234 MP: 35/37
 64639 | Zot:1    | Found a transporter.
 64639 | Zot:1    | Noticed an orb of fire
 64645 | Zot:1    | Identified the amulet of Jeacsaj {Reflect rC+ rCorr Str+4
                  | SH+5}
 64780 | Zot:1    | Identified the +10 rapier of Understanding {flame, Int+8}
 64873 | Zot:1    | Received a gift from Nemelex Xobeh
 64873 | Zot:1    | Found a transporter.
 65322 | Zot:2    | Reached skill level 27 in Dodging
 65382 | Zot:2    | Identified the +7 plate armour "Tinec" {rPois}
 65417 | Zot:2    | Received a gift from Nemelex Xobeh
 66807 | Zot:2    | Received a gift from Nemelex Xobeh
 67544 | Zot:3    | Received a gift from Nemelex Xobeh
 67639 | Zot:3    | Noticed a Killer Klown
 67676 | Zot:3    | Killed a Killer Klown
 67966 | Zot:3    | Found a shimmering altar of Xom.
 67966 | Zot:3    | Found a glowing silver altar of Zin.
 67968 | Zot:3    | Noticed a Killer Klown
 68001 | Zot:3    | Noticed a Killer Klown
 68024 | Zot:3    | a Killer Klown changed into an iron dragon
 68028 | Zot:3    | Killed a Killer Klown
 68335 | Zot:3    | Found a runed translucent gate.
 68336 | Zot:3    | Found a runed translucent gate.
 68501 | Zot:3    | Found a runed translucent gate.
 68505 | Zot:3    | Noticed Netemen's ghost (master GnFi)
 68648 | Zot:3    | Found a shimmering altar of Xom.
 69569 | Zot:4    | Noticed an orb of fire
 69765 | Zot:4    | Received a gift from Nemelex Xobeh
 70513 | Zot:4    | Received a gift from Nemelex Xobeh
 70692 | Zot:4    | Identified the +9 demon whip of Ceappol {venom, *Rage rN+
                  | Int+3 Dex+3}
 70878 | Zot:5    | Entered Level 5 of the Realm of Zot
 70934 | Zot:5    | Identified the +2 long sword of Prescription {protect,
                  | Str+4}
 70993 | Zot:5    | Reached XP level 26. HP: 128/242 MP: 38/38
 71542 | Zot:5    | Noticed a Killer Klown
 71557 | Zot:5    | Received a gift from Nemelex Xobeh
 71586 | Zot:5    | Killed a Killer Klown
 72271 | Zot:5    | Noticed a Killer Klown
 72284 | Zot:5    | Killed a Killer Klown
 72515 | Zot:5    | Noticed a Killer Klown
 72518 | Zot:5    | Noticed an orb of fire
 72529 | Zot:5    | Gained mutation: Your body sometimes deteriorates upon
                  | taking damage. [an orb of fire]
 72536 | Zot:5    | Killed an orb of fire
 72612 | Zot:5    | Noticed a Killer Klown
 72648 | Zot:5    | a Killer Klown changed into a titan
 72678 | Zot:5    | Noticed a dread lich
 72723 | Zot:4    | Gained mutation: You occasionally lose the ability to drink
                  | potions when taking damage. [an orb of fire]
 72741 | Zot:3    | Gained mutation: Potions are less effective at restoring
                  | your health. [an orb of fire]
 72750 | Zot:3    | Gained mutation: You are weak. (Str -2) [an orb of fire]
 72973 | Zot:2    | Lost mutation: You occasionally shout uncontrollably at
                  | your foes. [potion of mutation]
 72973 | Zot:2    | Lost mutation: You are weak. (Str -2) [potion of mutation]
 72973 | Zot:2    | Lost mutation: Your body sometimes deteriorates upon taking
                  | damage. [potion of mutation]
 72973 | Zot:2    | Gained mutation: Your mind is acute. (Int +4, Str/Dex -1)
                  | [potion of mutation]
 72973 | Zot:2    | Gained mutation: Your magical capacity is low. (-10% MP)
                  | [potion of mutation]
 72973 | Zot:2    | Gained mutation: You occasionally lose the ability to read
                  | scrolls when taking damage. [potion of mutation]
 72973 | Zot:2    | Gained mutation: You have very sharp teeth. [potion of
                  | mutation]
 72974 | Zot:2    | Lost mutation: You occasionally lose the ability to drink
                  | potions when taking damage. [potion of mutation]
 72974 | Zot:2    | Lost mutation: Potions are less effective at restoring your
                  | health. [potion of mutation]
 72974 | Zot:2    | Lost mutation: Your mind is acute. (Int +4, Str/Dex -1)
                  | [potion of mutation]
 72974 | Zot:2    | Gained mutation: You do not regenerate when monsters are
                  | visible. [potion of mutation]
 72974 | Zot:2    | Gained mutation: Your flesh is cold resistant. (rC+)
                  | [potion of mutation]
 72974 | Zot:2    | Gained mutation: You are robust. (+10% HP) [potion of
                  | mutation]
 72975 | Zot:2    | Lost mutation: You occasionally lose the ability to read
                  | scrolls when taking damage. [potion of mutation]
 72975 | Zot:2    | Lost mutation: You have very sharp teeth. [potion of
                  | mutation]
 72975 | Zot:2    | Lost mutation: Your flesh is cold resistant. (rC+) [potion
                  | of mutation]
 72975 | Zot:2    | Lost mutation: You do not regenerate when monsters are
                  | visible. [potion of mutation]
 72975 | Zot:2    | Gained mutation: You are vulnerable to cold. (rC-) [potion
                  | of mutation]
 72975 | Zot:2    | Gained mutation: Your mind is acute. (Int +4, Str/Dex -1)
                  | [potion of mutation]
 72976 | Zot:2    | Lost mutation: Your mind is acute. (Int +4, Str/Dex -1)
                  | [potion of mutation]
 72976 | Zot:2    | Lost mutation: Your magical capacity is low. (-10% MP)
                  | [potion of mutation]
 72976 | Zot:2    | Lost mutation: You are robust. (+10% HP) [potion of
                  | mutation]
 72976 | Zot:2    | Gained mutation: You have an increased reservoir of magic.
                  | (+10% MP) [potion of mutation]
 72976 | Zot:2    | Gained mutation: Your body sometimes deteriorates upon
                  | taking damage. [potion of mutation]
 72977 | Zot:2    | Lost mutation: Your body sometimes deteriorates upon taking
                  | damage. [potion of mutation]
 72977 | Zot:2    | Lost mutation: You have an increased reservoir of magic.
                  | (+10% MP) [potion of mutation]
 72977 | Zot:2    | Lost mutation: You are vulnerable to cold. (rC-) [potion of
                  | mutation]
 72977 | Zot:2    | Gained mutation: Your body sometimes deteriorates upon
                  | taking damage. [potion of mutation]
 72977 | Zot:2    | Gained mutation: Armour fits poorly on your strangely
                  | shaped body. [potion of mutation]
 72977 | Zot:2    | Gained mutation: You are agile. (Dex +4, Str/Int -1)
                  | [potion of mutation]
 72978 | Zot:2    | Lost mutation: Armour fits poorly on your strangely shaped
                  | body. [potion of mutation]
 72978 | Zot:2    | Lost mutation: Your body sometimes deteriorates upon taking
                  | damage. [potion of mutation]
 72978 | Zot:2    | Lost mutation: You are agile. (Dex +4, Str/Int -1) [potion
                  | of mutation]
 72978 | Zot:2    | Gained mutation: Your mind is acute. (Int +4, Str/Dex -1)
                  | [potion of mutation]
 72978 | Zot:2    | Gained mutation: You occasionally shout uncontrollably at
                  | your foes. [potion of mutation]
 73129 | Zot:3    | Killed an orb of fire
 73536 | Zot:4    | Killed a dread lich
 73588 | Zot:5    | Killed a Killer Klown
 73695 | Zot:5    | Received a gift from Nemelex Xobeh
 73961 | Zot:5    | Noticed an orb of fire
 73963 | Zot:5    | Got the Orb of Zot
 73994 | Zot:5    | Noticed a dread lich
 74562 | D:$      | Escaped with the Orb!

Illustrated notes

Levels and vault maps discovered:
D:1:      dpeg_arrival_signposts, layout_loops_ring, serial_shops, shop,
          nrook_mini_vaults
D:2:      minmay_thinvault, layout_rooms, serial_aquarium,
          aquarium_bridge_straight [aquarium_subvault_bridge,
          aquarium_subvault_wall, aquarium_subvault_bridge,
          aquarium_subvault_balcony], aquarium_window_fake,
          aquarium_window_fake, aquarium_window_1, aquarium_view_2d,
          aquarium_balcony_3a, aquarium_pool_side, kennysheep_potato,
          uniq_robin, uniq_jessica
D:3:      layout_basic, makhleb_altar_promises_db,
          ebering_ecumenical_altar_abandoned, minmay_misc_feat_five
D:4:      layout_basic, okawaru_gym_becter, nicolae_kite_square_tiling_tiny,
          minivault_1, hangedman_decor_lopped, minmay_misc_feat_pillars,
          uniq_crazy_yiuf_cottage
D:5:      layout_loops_ring, portal_sewer_entry_a, uniq_pikel, uniq_sigmund
D:6:      layout_rooms, kennysheep_mini_moat,
          nicolae_kikubaaqudgha_miasma_corner, temple_pool_b, st_stairs_10
D:7:      layout_loops_cross, cheibriados_altar_1, patterned_corridor
D:8:      layout_loops_ring, nemelex_diamond_rough_becter,
          nicolae_uskayaw_en_pointe, old_standard_altar, enter_ossuary_2
D:9:      layout_small_grid
D:10:     layout_gridville, trog_ov_bears_minmay,
          mainiacjoe_overflow_surrounded_room, minmay_lair_entry_grove,
          kennysheep_generic_room_5, uniq_fannar, uniq_josephine
D:11:     layout_roguey, david_orc_2, nicolae_shop_i_like_small_books_too,
          uniq_sonja
D:12:     layout_loops_ring, serial_shops, nicolae_shop_hallway_plus,
          nicolae_shop_waterfront, shop, uniq_rupert
D:13:     layout_irregular_city, david_vaults_2, tso_metal_star
D:14:     layout_rooms, ebering_ghost_funeral_grove, uniq_lodul
D:15:     grunt_enter_depths_magical_seal, layout_irregular_city,
          serial_park_paths [serial_park_minivault_5x5_4]
Temple:   hellmonk_temple_flake
Lair:1:   cheibrodos_lair_river_kwai, layout_gridlike, nzn_sisyphean_effort,
          infiniplex_staircase_pool_2, uniq_amaemon
Lair:2:   layout_regular_city, palyth_hydra_swamp_entry,
          nicolae_snake_entry_squirm, nicolae_volcano_entry_lava_flow,
          minmay_holes, pdpol_lair_cavern_descent
Lair:3:   layout_regular_city
Lair:4:   layout_big_grid
Lair:5:   grunt_lair_end_beastmaster, layout_cave_pods, slime_entry_2,
          serial_rivers, chequers_serial_rivers_marsh,
          chequers_serial_rivers_room_b, chequers_serial_rivers_large_b,
          chequers_serial_rivers_micro_b, chequers_serial_rivers_micro_b,
          serial_bayou_lagoon_a
Swamp:1:  layout_basic_swamp, gammafunk_ghost_cemetery,
          evilmike_swamp_ruin_rubble_2
Swamp:2:  layout_basic_swamp, gammafunk_ghost_berserking_beasts,
          nicolae_swamp_feature_on_the_river_bank, uniq_roxanne
Swamp:3:  layout_basic_swamp, ebering_ghost_rock_garden, hangedman_swamp_cone,
          uniq_louise
Swamp:4:  swamp_fiery, layout_basic_swamp
Snake:1:  layout_cave_pods, serial_shops, shop
Snake:2:  layout_misc_corridors, basic_altar, grunt_ministairs_8,
          nicolae_snake_horde_hoard, minmay_shop_grove
Snake:3:  layout_basic
Snake:4:  grunt_snake_rune_spirals, layout_concentric_octagons,
          portal_ice_cave_entry_dragon
Orc:1:    layout_diamond_mine
Orc:2:    grunt_orc_gardens, layout_caves, grunt_orc_garden, grunt_orc_garden,
          grunt_orc_garden, grunt_orc_garden, uniq_saint_roka
Elf:1:    layout_geoelf_octagon, basic_altar, serial_shops, shop,
          evilmike_minifort, uniq_kirke
Elf:2:    nicolae_elf_blades_crystal_corner, layout_gridlike, serial_shops,
          nicolae_shop_bloodbath_and_beyond
Elf:3:    elf_hall, layout_geoelf_diagonals, minmay_shop_star
Vaults:1: nicolae_vaults_shrinking_rooms_1, hangedman_vaults_variations,
          nicolae_vaults_offset_grid_hallway_1, nicolae_vaults_trapezoid_1,
          vaults_room_glass_cross, vaults_mumra_hexcomb,
          vaults_standard_mumra_enter_the_diamond,
          nicolae_vaults_trapezoid_lopsided_4, vaults_dpeg_diagonal,
          vaults_room_pools, v_rooms_4, v_misc_26, ontoclasm_vaults_misaligned,
          layout_vaults_omnibox, uniq_zenata
Vaults:2: nicolae_vaults_lopsided_apartments, v_misc_12,
          nicolae_vaults_six-pack, nicolae_vaults_weapon_check,
          nicolae_vaults_octothorpe, hangedman_vaults_corner_blocks,
          nicolae_vaults_trapezoid_lopsided_1, vaults_mumra_hex, v_misc_26,
          vaults_room_semicircle, nicolae_vaults_six-pack,
          layout_vaults_big_room
Vaults:3: not_door_vault_mu, v_misc_8, nicolae_vaults_little_squares_6,
          vaults_room_hallway, minmay_crypt_entry_vampire_xt,
          not_door_vault_due, vaults_room_boxed,
          nicolae_vaults_storage_closets_3, nicolae_vaults_ellipses_ellipsis,
          v_alt_pattern_4, v_misc_12, nicolae_vaults_trapezoid_1,
          nicolae_vaults_puzzle_piece, nicolae_vaults_wrenched,
          vaults_room_pool, layout_vaults_maze_bifur, serial_shops, shop
Vaults:4: nicolae_vaults_apartment_1, nicolae_vaults_hallways_thing,
          grunt_vaults_trifunnel, vaults_room_grid, vaults_room_pools,
          nicolae_vaults_three_branches, nicolae_vaults_hexular_roomagon,
          nicolae_vaults_diamond_1, nicolae_vaults_trapezoid_lopsided_1,
          layout_vaults_omnigrid, serial_shops, nicolae_shop_tiny_glass
Vaults:5
Depths:1: layout_long_grid, grunt_mini_vestibule, kilobyte_mutagenic_chamber,
          infiniplex_staircase_pool_lava, grunt_megastairs_2, minmay_shoptagon,
          serial_bayou_shore_b
Depths:2: minmay_bloctagon, layout_gridlike,
          ploomutoo_gammafunk_ghost_potion_laboratory, rand_demon_pan_entry_4,
          hangedman_geh_valley, nicolae_trove_entry_columns
Depths:3: minmay_swirls_squares, layout_basic, enter_ziggurat_e,
          ebering_ghost_rock_garden, hell_entry, abyss_entry,
          lemuel_zombie_altar_yredelemnul
Depths:4: lemuel_castle_with_subvaults [lemuel_castle_interior_original],
          layout_twisted_cross, hell_entry, serial_sigils_hangedman_shear,
          abyss_entry_crystal, rand_demon_pan_entry_9, minivault_16,
          amcnicky_mini_rare_corridor_liquid
Zot:1:    gammafunk_the_bubble [the_bubble_gammafunk_split], layout_basic,
          ebering_ghost_disaster_area
Zot:2:    layout_concentric_octagons, uniq_josephina
Zot:3:    dreamdust_zin_vs_xom, layout_gridlike, gammafunk_ghost_tricky_traps
Zot:4:    layout_cellular_growth, grunt_ministairs_13, grunt_megastairs_4
Zot:5:    layout_misc_corridors, skrybe_zot_glass_1

Skill      XL: |  1  2  3  4  5  6  7  8  9 10 11 12 13 14 15 16 17 18 19 20 21 22 23 24 25 26 |
---------------+-------------------------------------------------------------------------------+-----
Polearms       | 3 4 5 6 8 10 11 12 14 | 14.0
Dodging        | 1 2 3 4 5 6 8 10 12 14 15 17 19 20 21 26 27 | 27.0
Fighting       | 4 5 6 7 10 11 12 13 14 15 16 17 18 19 20 21 24 27 | 27.0
Armour         | 4 5 6 7 8 11 | 11.0
Shields        | 5 8 11 14 15 | 15.0
Throwing       | 1 4 6 |  6.0
Invocations    | 2 5 7 10 11 12 14 15 17 18 20 23 26 | 26.5
Evocations     | 1 5 |  5.0
Stealth        | 5 |  5.0
Spellcasting   | 1 4 5 7 |  7.0
Translocations | 1 4 6 7 10 | 10.0

Action                     |  1- 3 |  4- 6 |  7- 9 | 10-12 | 13-15 | 16-18 | 19-21 | 22-24 | 25-27 || total
---------------------------+-------+-------+-------+-------+-------+-------+-------+-------+-------++-------
  Melee: Trident           |    98 |   184 |   322 |   640 |  1087 |  1388 |  1559 |   450 |       ||  5728
         Tailslap          |       |       |     5 |     2 |    15 |    17 |    13 |     6 |       ||    58
         Demon trident     |       |       |       |       |       |       |       |  1335 |  1346 ||  2681
  Throw: Throwing net      |       |       |       |       |       |       |       |       |     1 ||     1
   Cast: Blink             |       |       |       |       |       |       |     1 |     2 |     1 ||     4
 Invoke: Draw Summoning    |       |       |       |     1 |     3 |     6 |     7 |     8 |    16 ||    41
         Draw Destruction  |       |       |       |     6 |     5 |    26 |    27 |    39 |    28 ||   131
  Evoke: Wand              |       |       |       |     7 |     5 |     5 |    20 |     9 |     9 ||    55
         Tin of tremorston |       |       |       |       |     1 |     5 |     2 |     2 |     2 ||    12
         Phial of floods   |       |       |       |       |       |       |     1 |       |       ||     1
         Lightning rod     |       |       |       |       |       |       |     4 |       |       ||     4
         Box of beasts     |       |       |       |       |       |       |       |     1 |       ||     1
    Use: Scroll            |     4 |     9 |    11 |    11 |     6 |     6 |    10 |    16 |     8 ||    81
         Potion            |       |     2 |       |     2 |     8 |     6 |     6 |    10 |    17 ||    51
   Stab: Distracted        |       |       |     1 |     2 |    25 |    70 |    72 |    25 |    11 ||   206
         Sleeping          |       |       |       |       |    18 |    13 |    18 |     8 |     7 ||    64
         Petrified         |       |       |       |       |       |     1 |       |       |       ||     1
 Armour: Scale mail        |    23 |    64 |    29 |       |       |       |       |       |       ||   116
         Ring mail         |       |       |    33 |   146 |   173 |     9 |       |       |       ||   361
         Chain mail        |       |       |       |       |       |   266 |   173 |    22 |       ||   461
         Quicksilver drago |       |       |       |       |       |       |       |   201 |   195 ||   396
  Dodge: Dodged            |    25 |    60 |   130 |   324 |   912 |   564 |   405 |   744 |   788 ||  3952
  Block: Buckler           |    17 |    29 |    47 |   101 |   320 |   239 |       |       |       ||   753
         Reflection        |       |       |       |       |       |    57 |    98 |    39 |    17 ||   211
         Tower shield      |       |       |       |       |       |   447 |  1070 |  1532 |  1372 ||  4421
